[Event "Early-Titled-Tuesday-Blitz-October-03-2023"]
[Site "Chess.com"]
[Date "2023.10.03"]
[Round "8"]
[White "Barmen_EV"]
[Black "goldihouse"]
[Result "0-1"]
[WhiteElo "2452"]
[BlackElo "2599"]
[TimeControl "180+1"]
[EndTime "9:31:39 PDT"]
[Termination "goldihouse won by checkmate"]

1. e4 e6 2. d4 d5 3. Nd2 Nc6 4.
Ngf3 Nf6 5. Bd3 Nb4 6. e5 Nxd3+ 7. cxd3 Ng8 8. O-O Ne7 9. Ne1 h5 10. f4 Nf5 11. Ndf3 Be7 12. Nc2 Bd7 13. Ne3 g6 14. Nxf5 gxf5 15. Be3 Bb5 16. Qb3 Qd7 17. a4 Ba6 18. Qc3 Qc6 19. Qd2 Qb6 20. Rfc1 c6 21. Qe2 h4 22. Rab1 Qb3 23. Rc3 Qxa4 24. b4 Bb5 25. Qb2 Qa6 26. Ng5 Bxg5 27. fxg5 h3 28. g3 Qb6 29. Qf2 Kd7 30. g4 Qd8 31. gxf5 Qe7 32.
Rf1 Rag8 33. g6 fxg6 34. f6 Qf7 35. Qa2 a6 36. Rd1 g5 37. Rc2 g4 38. Bf4 g3 39.
Bxg3 Qh5 40. Rf2 Qxd1+ 41. Rf1 Qxd3 42. f7 Rxg3+ 43. hxg3 Qxf1+ 44. Kh2 Qg2+ 45. Qxg2 hxg2+ 46. Kxg2 Ke7 47. g4 Kxf7 48. g5 Kg6 49. Kf3 Kxg5 50.
Ke3 Kf5 51. Kd2 Ke4 52. Kc3 Ke3 53. Kb2 Kxd4 54. Ka3 Kxe5 55. Kb2 Kd4 56. Kc2 Kc4 57. Kb2 e5 58. Ka3 Rh3+ 59. Kb2 Kxb4 60. Ka2 c5 61.
Kb2 c4 62. Kc2 d4 63. Kd2 e4 64. Ke2 a5 65. Kf2 Re3 66. Kg2 Kc5 67. Kf2 Kd5 68.
Kg2 Ke5 69. Kh2 Kf4 70. Kg2 Rf3 71. Kh2 Bc6 72. Kg2 Bd7 73. Kh2 Bf5 74. Kg2 b5 75.
Kh2 b4 76. Kg2 a4 77. Kh2 a3 78. Kg2 a2 79. Kh2 b3 80. Kg2 b2 81. Kh2 c3 82.
Kg2 c2 83. Kh2 d3 84. Kg2 d2 85. Kh2 e3 86. Kg2 e2 87. Kh2 Bh3 88. Kg1 Kg3 89. Kh1 Rf2 90. Kg1 Bf1 91. Kh1 e1=Q 92. Kg1 d1=Q 93. Kh1 c1=Q 94. Kg1 b1=Q 95. Kh1 a1=Q 96. Kg1 Ra2 97. Kh1 Ra8 98. Kg1 Rf8 99. Kh1 Rf3 100. Kg1 Rf8 101. Kh1 Rg8 102. Kg1 Rg4 103. Kh1 Qab2 104.
Kg1 Qbe2 105. Kh1 Qbc2 106. Kg1 Qc2d2 107. Kh1 Rc4 108. Kg1 Rc2 109. Kh1 Bg2# 0-1

[Event "Early-Titled-Tuesday-Blitz-October-03-2023"]
[Site "Chess.com"]
[Date "2023.10.03"]
[Round "8"]
[White "Alenzer"]
[Black "Ariadna_Atreides"]
[Result "0-1"]
[WhiteElo "2087"]
[BlackElo "2204"]
[TimeControl "180+1"]
[EndTime "9:31:41 PDT"]
[Termination "Ariadna_Atreides won by resignation"]

1. e4 c6 2. Nc3 d5 3. Nf3 dxe4 4. Nxe4 Nf6 5. Nxf6+ exf6 6. d4 Bd6 7. Bd3 O-O 8.
Be3 a5 9. Qd2 Be6 10. a3 b5 11.
O-O Bd5 12. b3 Bxf3 13. gxf3 Qc7 14. f4 Nd7 15. Kh1 Nb6 16. c4 bxc4 17. bxc4 c5 18. d5 Nd7 19. Rab1 g6 20. Rg1 Rfe8 21. h4 Nf8 22.
Rg2 Qd7 23. Rg3 h5 24. Rbg1 Kg7 25. Qd1 Kh8 26. Qxh5+ Nh7 27. Qh6 Bf8 28. Qh5 Bg7 29.
Qf3 f5 30. h5 Nf8 31. Rh3 Kg8 32.
h6 Bf6 33. Bxc5 Kh7 34. Be3 Rab8 35. c5 Rb3 36. Bc2 Rxa3 37. c6 Qd6 38. Qd1 Rd8 39. Bb3 a4 40. Bc4 Rc3 41. Ba2 a3 42. Qd2 Bh8 43. Kh2 Qf6 44. Bd4 Qxd4 45. Qxd4 Bxd4 46.
Rxc3 Bxc3 47. Rd1 Bb4 48. Kg3 Bd6 49. Kf3 Kxh6 50. Rh1+ Kg7 51. Rc1 g5 52. fxg5 Ng6 53. Rc3 Ne5+ 54. Ke2 f4 55. f3 Kg6 56. Rb3 Rc8 57. Rb7 Kxg5 58. Kf2 Kf6 59. Ra7 Ng6 60. Bb1 Rh8 61. Kg2 Nh4+ 62. Kf2 Rg8 63. Ra8 Rg2+ 64.
Kf1 Rb2 65. Rd8 Rxb1+ 66. Ke2 Bc7 67. Rd7 a2 68. Rxc7 a1=Q 69. Rd7 Qa2+ 70. Kd3 Rb3+ 71. Kc4 Qa4+ 72. Kc5 Qa3+ 73. Kc4 Rb4+ 74. Kc5 Rb7+ 75. Kc4 Rxd7 76. cxd7 Qd6 77. d8=Q+ Qxd8 78. Kc5 Nf5 79. Kc6 Qd6+ 80. Kb7 Ne7 0-1

[Event "Early-Titled-Tuesday-Blitz-October-03-2023"]
[Site "Chess.com"]
[Date "2023.10.03"]
[Round "8"]
[White "tolimachess"]
[Black "SanchezKelvin"]
[Result "1-0"]
[WhiteElo "2456"]
[BlackElo "2598"]
[TimeControl "180+1"]
[EndTime "9:31:51 PDT"]
[Termination "tolimachess won on time"]

1. Nc3 d5 2. g3 Nf6 3. Bg2 c6 4.
d3 e5 5. e3 Bb4 6. Bd2 Bd6 7.
Nge2 h5 8. h3 Nbd7 9. e4 d4 10.
Nb1 Qe7 11. Bg5 Nf8 12. Nd2 Ne6 13. Bxf6 gxf6 14. Nc4 Bc7 15. a4 h4 16. Qd2 hxg3 17.
fxg3 Bd7 18. a5 O-O-O 19. O-O-O b5 20. axb6 axb6 21. Kb1 Kb7 22. Nc1 Ra8 23. Nb3 Ra4 24. Rhf1 Rha8 25. Qf2 Bd8 26. Kc1 b5 27. Ncd2 Qb4 28.
Nb1 Ra2 29. Qd2 Qd6 30. h4 c5 31. c4 bxc4 32. dxc4 Ba4 33. Rf3 Kc8 34. Bh3 Rb8 35.
Qc2 Qb6 36. Rdd3 Qa7 37. h5 Be7 38. Kd2 Kc7 39. Ke2 Ng5 40. N1d2 Nxh3 41. Qb1 Ng1+ 42. Qxg1 Rxb2 43. Qa1 Rxd2+ 44. Nxd2 Rb4 45. Ra3 Bf8 46. g4 Bg7 47. Rfb3 d3+ 48. Rxd3 Qa6 49. Qh1 Rb2 50. Qa1 Rb4 51. Rdb3 Rxc4 52. Nxc4 Qxc4+ 53. Rd3 Qxe4+ 54. Re3 Qxg4+ 55. Kd3 Bb5+ 56. Kd2 Bh6 57. Qc3 Qd4+ 58. Kc1 Qxc3+ 59. Rxc3 Kd6 60. Kb2 Bxe3 61. Rxe3 Ke7 62. h6 Kf8 63. Rg3 Bd3 64. Rxd3 Kg8 65. Rh3 Kh7 66. Kc3 f5 67. Kc4 e4 68. Kxc5 f4 69. Kd4 f3 70. Ke3 f5 71. Rh2 Kh8 72. Kf4 Kh7 73.
Rh1 Kh8 74. Kxf5 e3 75. Kg6 Kg8 76. Rb1 Kf8 77. h7 e2 78. h8=Q+ Ke7 79. Qe5+ Kd7 80. Rb7+ Kc6 81. Qc7+ Kd5 82. Rb5+ Ke4 83. Qe5+ Kd3 84.
Rb3+ Kd2 85. Qe3+ Kc2 86. Rc3+ Kb2 87. Qc1+ 1-0

[Event "Early-Titled-Tuesday-Blitz-October-03-2023"]
[Site "Chess.com"]
[Date "2023.10.03"]
[Round "8"]
[White "knightinshiningarmour16"]
[Black "parintele_chess"]
[Result "1/2-1/2"]
[WhiteElo "2108"]
[BlackElo "2239"]
[TimeControl "180+1"]
[EndTime "9:32:16 PDT"]
[Termination "Game drawn by repetition"]

1. d4 Nf6 2. Nf3 g6 3. Bf4 Bg7 4. e3 O-O 5. c3 d5 6. Nbd2 c5 7.
h3 Nc6 8. Bd3 Nd7 9. O-O e5 10.
dxe5 Ndxe5 11. Nxe5 Nxe5 12. Be2 Bf5 13. Nf3 Nxf3+ 14.
Bxf3 Be4 15. Bxe4 dxe4 16. Qa4 Qe8 17. Qb3 Qc6 18. Rad1 Rad8 19. Qa3 a6 20. Qa5 Rd3 21. Rb1 Rfd8 22. Qa3 Bf8 23. Qb3 b5 24. Qc2 Rd2 25. Qc1 Qe6 26. Ra1 Qc4 27. b3 Qd3 28. Qa3 Ra8 29.
Qa5 Qe2 30. a4 b4 31. cxb4 cxb4 32. Qe5 Bg7 33. Qxe4 Rad8 34. Rab1 Rb2 35. Rxb2 Qxb2 36. Qxb4 Be5 37. Bxe5 Qxe5 38. Qb6 Rb8 39. Qxa6 Rxb3 40. a5 Ra3 41. Qc8+ Kg7 42. a6 Qa5 43. Rb1 Qxa6 44. Qxa6 Rxa6 45. Kh2 Ra2 46. Kg3 h5 47. f4 Ra3 48. Kf3 Ra2 49. g4 hxg4+ 50. hxg4 Rc2 51. Rb7 Ra2 52. g5 Rc2 53. Ke4 Rc4+ 54. Kf3 Rc2 55. e4 Rc3+ 56. Kg4 Re3 57. Re7 Re1 58. f5 gxf5+ 59.
Kxf5 Rf1+ 60. Ke5 Rg1 61. Kf4 Rf1+ 62. Ke3 Rg1 63. Re5 Kg6 64. Kf4 Rf1+ 65. Ke3 Rg1 66.
Kd4 Rxg5 67. Re8 Kg7 68. e5 Rg4+ 69. Kd5 Rg1 70. Kd6 Rd1+ 71. Ke7 Ra1 72. Rc8 Ra7+ 73. Kd6 Ra6+ 74. Kd5 Re6 75. Ke4 Re7 76. Kf5 Re6 77.
Rc7 Rg6 78. Kf4 Re6 79. Kf5 Rg6 80. Re7 Ra6 81. Rb7 Re6 82. Ke4 Rg6 83. Kd5 Re6 84. Rd7 Ra6 85. Rd6 Ra5+ 86. Ke4 Ra4+ 87. Kf5 Ra1 88. Rd4 Rf1+ 89. Ke4 Re1+ 90. Kd5 Re2 91. Rg4+ Kf8 92. Rd4 Ke7 93. Rc4 Rd2+ 94. Ke4 Re2+ 95. Kf4 Ra2 96. Rc7+ Ke6 97. Rc6+ Ke7 98.
Kf5 Rf2+ 99. Ke4 Re2+ 100. Kd4 Rd2+ 101. Ke3 Rd5 102. Ke4 Rd1 103. Kf5 Rf1+ 104. Ke4 Re1+ 105. Kd4 Rd1+ 106. Ke3 Re1+ 107. Kf4 Rf1+ 108. Kg5 Rg1+ 109. Kf5 Rf1+ 110. Ke4 Re1+ 111. Kd5 Rd1+ 112. Ke4 Re1+ 1/2-1/2

[Event "Early-Titled-Tuesday-Blitz-October-03-2023"]
[Site "Chess.com"]
[Date "2023.10.03"]
[Round "8"]
[White "GianmarcoVaR"]
[Black "MikaelyanArman"]
[Result "1/2-1/2"]
[WhiteElo "2657"]
[BlackElo "2848"]
[TimeControl "180+1"]
[EndTime "9:32:51 PDT"]
[Termination "Game drawn by repetition"]

1. e4 e5 2. Nf3 Nc6 3. Bc4 Bc5 4. O-O d6 5. d3 Nf6 6. c3 a5 7. Re1 O-O 8. h3 Be6 9. Bb5 Ne7 10. d4 Bb6 11. Nbd2 Ng6 12. Nf1 c6 13. Bd3 h6 14.
Ng3 Qc7 15. Be3 Rad8 16. Qc1 Kh7 17. Qc2 Rfe8 18. Rad1 Kh8 19. Qc1 Ng8 20. Qc2 a4 21. c4 exd4 22. Nxd4 Bd7 23. Ndf5 Bxe3 24. Rxe3 Ne5 25.
Qxa4 Ra8 26. Qb3 c5 27. Ree1 Ba4 28. Qc3 Bxd1 29. Rxd1 Nf6 30. Bf1 Qa5 31. Nxd6 Qxc3 32. bxc3 Red8 33. f4 Rxd6 34. Rxd6 Ng6 35. e5 Ne8 36.
Rd7 Nxf4 37. Rxf7 Ng6 38. e6 Rxa2 39. Bd3 Kh7 40. Rf8 Nc7 41. e7 Rd2 42. Bxg6+ Kxg6 43. e8=Q+ Nxe8 44. Rxe8 Rd3 45. Re6+ Kf7 46. Re5 Rxg3 47.
Rxc5 Rxc3 48. Rc7+ Kg6 49. c5 h5 50. h4 Rc4 51. g3 Kf6 52. Kg2 g6 53. Kf3 Kf5 54.
Rf7+ Ke5 55. Rc7 Rc3+ 56. Kg2 Ke4 57. Rxb7 Rc2+ 58. Kh3 Rxc5 59. Rb6 Kf5 60. Rd6 Rc2 61. Rd7 Re2 62. Rf7+ Ke6 63. Rf8 Ke7 64. Rf3 Re6 65.
Ra3 Kf6 66. Rf3+ Ke5 67. Rf8 Rf6 68. Re8+ Kf5 69. Re1 Rd6 70. Kg2 Rd3 71. Kh3 Rd2 72.
Re8 Rc2 73. Rf8+ Ke6 74. Rf4 Rc5 75. Re4+ Re5 76. Rf4 Kd5 77. Rf6 Re6 78. Rf7 Ke5 79. Kg2 Rf6 80. Re7+ Kf5 81. Re1 Rc6 82. Rf1+ Ke5 83.
Rf8 Rc2+ 84. Kf3 Rb2 85. Re8+ Kf5 86. Rf8+ Ke6 87. Ke3 Rb1 88. Rg8 Kf5 89. Kf3 Rb2 90. Rf8+ Ke5 91. Re8+ Kf6 92. Rf8+ Ke6 93. Ra8 Rb3+ 94.
Kf4 Kf6 95. Ra6+ Kg7 96. Ra7+ Kh6 97. Ra4 Rb5 98. Ra6 Rf5+ 99. Ke4 Rf8 100. Ra7 Rf1 101.
Rd7 Rf6 102. Rd3 g5 103. Rd5 g4 104. Rf5 Ra6 105. Ke5 Ra5+ 106. Ke6 Ra3 107. Rf6+ Kg7 108. Rf5 Re3+ 109. Re5 Rxg3 110. Rxh5 Re3+ 111. Kf5 g3 112. Kf4 Rc3 113. Kg4 g2 114. Rg5+ Kh6 115. Kf4 Rc4+ 116. Kf3 Rxh4 117. Rxg2 Rh5 118. Kf4 Ra5 119. Rg8 Kh7 120. Rg1 Kh6 121. Rg8 Kh7 122. Rg1 Kh6 123. Rg8 1/2-1/2

[Event "Early-Titled-Tuesday-Blitz-October-03-2023"]
[Site "Chess.com"]
[Date "2023.10.03"]
[Round "8"]
[White "ErikRonka"]
[Black "bazar-wokzal"]
[Result "1-0"]
[WhiteElo "2515"]
[BlackElo "2618"]
[TimeControl "180+1"]
[EndTime "9:32:56 PDT"]
[Termination "ErikRonka won on time"]

1. e4 Nc6 2. Nc3 Nf6 3. d4 d5 4. e5 Nd7 5. Nxd5 Ndb8 6. Ne3 Qxd4 7. Qxd4 Nxd4 8. g3 Bf5 9. Bg2 c6 10. c3 Nc2+ 11. Nxc2 Bxc2 12. Be3 e6 13. f4 Na6 14.
b4 Nc7 15. Ne2 Nd5 16. Bd2 Bd3 17. Kf2 a5 18. a3 Be7 19. Rhc1 f6 20. c4 Nb6 21. b5 cxb5 22. Bxb7 Rb8 23. Bc6+ Kf7 24. cxb5 Nc4 25. Bc3 Rhd8 26. Nd4 Nxa3 27. Kg2 Nxb5 28. Bxa5 Rxd4 29. Bxb5 Rxb5 30. Bc3 Be4+ 31. Kf2 Rc4 32. Ke3 Bc5+ 33. Kd2 fxe5 34. Bxe5 Kg6 35. Rxc4 Bd5 36.
Rc2 Bb4+ 37. Ke2 Rb7 38. Rac1 Ba5 39. Ke3 Bb6+ 40. Bd4 Ba5 41. g4 h5 42. h3 hxg4 43.
hxg4 Bd8 44. Be5 Bb6+ 45. Bd4 Bd8 46. Rb2 Rf7 47. Rf1 Bc7 48. f5+ exf5 49. gxf5+ Rxf5 50. Rxf5 Kxf5 51. Bxg7 Bd6 52. Rb5 Ke6 53. Bd4 Bc4 54.
Rb1 Kd5 55. Rh1 Bb3 56. Rh5+ Kc4 57. Rh4 Kd5 58. Bc3 Bc5+ 59. Kd2 Ba2 60. Rh5+ Kc4 61. Rh4+ Kd5 62. Kc2 Bc4 63. Rh5+ Kc6 64. Bd2 Be6 65. Kc3 Be7 66. Rh6 Kd5 67. Kd3 Bf5+ 68. Ke2 Bc5 69.
Be3 Bb4 70. Rh5 Ke4 71. Kf2 Be7 72. Rh8 Bf6 73. Re8+ Kd5 74. Kf3 Be5 75. Rd8+ Ke6 76.
Bf4 Bf6 77. Rd6+ Kf7 78. Ra6 Be6 79. Ke4 Bc8 80. Ra7+ Kg6 81. Be5 Bf5+ 82. Kd4 Bg5 83. Ra6+ Kh5 84. Ra1 Be7 85. Rg1 Bh4 86. Kd5 Bg5 87.
Rh1+ Kg4 88. Ra1 Kf3 89. Ra3+ Ke2 90. Bd4 Bd3 91. Ke5 Bh6 92. Ra2+ Kf3 93. Ra6 Bg7+ 94. Kd5 Be4+ 95. Kc5 Bxd4+ 96. Kxd4 Bc2 97. Rf6+ Ke2 98. Rf4 Bh7 99. Rh4 Bg6 100. Rh2+ Kf3 101. Rh1 Bf5 102. Rf1+ Kg4 103. Ke5 Bc8 104. Rc1 Bb7 105. Rb1 Bc6 106.
Rb4+ Kf3 107. Rf4+ Ke3 108. Rc4 Bf3 109. Rc3+ Ke2 110.
Kd4 Bb7 111. Re3+ Kd2 112. Rb3 Bc6 113. Rb2+ Kc1 114. Kc3 1-0

[Event "Early-Titled-Tuesday-Blitz-October-03-2023"]
[Site "Chess.com"]
[Date "2023.10.03"]
[Round "9"]
[White "AlexPapasimakopoulos"]
[Black "DanyKopy"]
[Result "1-0"]
[WhiteElo "2711"]
[BlackElo "2572"]
[TimeControl "180+1"]
[EndTime "9:40:44 PDT"]
[Termination "AlexPapasimakopoulos won by resignation"]

1. d4 d5 2. c4 e6 3. Nc3 Nf6 4.
cxd5 exd5 5. Bg5 Bb4 6. Qa4+ Nc6 7. e3 O-O 8. Nf3 Qd6 9. Bxf6 Qxf6 10. Be2 Qd6 11. O-O Ne7 12. Nb5 Qb6 13. Qxb4 1-0

[Event "Early-Titled-Tuesday-Blitz-October-03-2023"]
[Site "Chess.com"]
[Date "2023.10.03"]
[Round "9"]
[White "ChampStan"]
[Black "Al_Shima"]
[Result "0-1"]
[WhiteElo "2112"]
[BlackElo "2343"]
[TimeControl "180+1"]
[EndTime "9:40:52 PDT"]
[Termination "Al_Shima won by resignation"]

1. e4 d5 2. exd5 Nf6 3. Nc3 Nxd5 4. Nxd5 Qxd5 5. d4 Nc6 6. Nf3 Bg4 7. c4 Qe4+ 8. Be3 e5 9. d5 Bb4+ 10. Ke2 Nd4+ 11.
Qxd4 exd4 0-1

[Event "Early-Titled-Tuesday-Blitz-October-03-2023"]
[Site "Chess.com"]
[Date "2023.10.03"]
[Round "9"]
[White "Shuvalov"]
[Black "UK_23"]
[Result "1-0"]
[WhiteElo "2470"]
[BlackElo "2424"]
[TimeControl "180+1"]
[EndTime "9:41:36 PDT"]
[Termination "Shuvalov won by resignation"]

1. d4 d5 2. c4 e6 3. Nf3 Nf6 4. Nc3 Be7 5. Bf4 O-O 6. e3 b6 7. cxd5 Nxd5 8. Nxd5 Qxd5 9. a3 c5 10. dxc5 Qxd1+ 11. Rxd1 Bxc5 12. Bd3 Ba6 13. Ke2 Bxd3+ 14. Rxd3 Nc6 15. Rhd1 Rfd8 16. b4 Rxd3 17. Rxd3 Bf8 18.
Rc3 Ne7 19. e4 a5 20. b5 Ng6 21. Be3 Bxa3 22. Rxa3 1-0

[Event "Early-Titled-Tuesday-Blitz-October-03-2023"]
[Site "Chess.com"]
[Date "2023.10.03"]
[Round "9"]
[White "elcala"]
[Black "APOKALIPSA13"]
[Result "0-1"]
[WhiteElo "1719"]
[BlackElo "2160"]
[TimeControl "180+1"]
[EndTime "9:41:39 PDT"]
[Termination "APOKALIPSA13 won by resignation"]

1. e4 e5 2. Nf3 f5 3. exf5 e4 4. Nd4 Qf6 5. Nb3 Qxf5 6. Nc3 Nf6 7. Bc4 d5 8. Bb5+ c6 9. Be2 Qg6 10. O-O Bh3 11. g3 Bxf1 12. Qxf1 Bd6 13. d3 h5 14.
dxe4 dxe4 15. Qd1 Bc7 16. Be3 h4 17. Bd4 hxg3 18. Bxf6 gxf2+ 19. Kh1 0-1

[Event "Early-Titled-Tuesday-Blitz-October-03-2023"]
[Site "Chess.com"]
[Date "2023.10.03"]
[Round "9"]
[White "LeoWin2012"]
[Black "ural58"]
[Result "0-1"]
[WhiteElo "2325"]
[BlackElo "2517"]
[TimeControl "180+1"]
[EndTime "9:41:45 PDT"]
[Termination "ural58 won by resignation"]

1. e4 d5 2. exd5 Qxd5 3. Nc3 Qd6 4. d4 c6 5. Nf3 Bf5 6. Be3 e6 7.
Qd2 Nf6 8. Bf4 Qd8 9. Bd3 Bxd3 10. Qxd3 Nbd7 11. h3 h6 12. O-O-O Bb4 13. g4 Qa5 14. Kb1 Bxc3 15. Qxc3 Qxc3 16. bxc3 Nb6 17. Ne5 Nfd5 18. Bd2 f6 19. Ng6 Rg8 20. Nf4 Kf7 21. Kb2 Nc4+ 22. Kb3 Nxd2+ 23. Rxd2 Nxf4 24. c4 g5 25. h4 Rad8 0-1

[Event "Early-Titled-Tuesday-Blitz-October-03-2023"]
[Site "Chess.com"]
[Date "2023.10.03"]
[Round "9"]
[White "HanSchut"]
[Black "dadice10"]
[Result "1/2-1/2"]
[WhiteElo "2309"]
[BlackElo "2166"]
[TimeControl "180+1"]
[EndTime "9:42:14 PDT"]
[Termination "Game drawn by agreement"]

1. e4 d5 2. exd5 Nf6 3. Bb5+ Nbd7 4. c4 a6 5. Bxd7+ Qxd7 6. d4 e6 7. dxe6 Qxe6+ 8. Qe2 b5 9. cxb5 axb5 10. Nc3 c6 11.
Bg5 Be7 12. Qxe6 Bxe6 13. Nge2 b4 14. Bxf6 bxc3 15. Bxe7 cxb2 16. Rb1 Kxe7 17. Rxb2 Rxa2 18. Rxa2 Bxa2 19. Kd2 Bc4 20. Re1 Bxe2 21. Rxe2+ Kd6 1/2-1/2

[Event "Early-Titled-Tuesday-Blitz-October-03-2023"]
[Site "Chess.com"]
[Date "2023.10.03"]
[Round "9"]
[White "Alexei_Gubajdullin"]
[Black "Likvidator228"]
[Result "1-0"]
[WhiteElo "2756"]
[BlackElo "2584"]
[TimeControl "180+1"]
[EndTime "9:42:40 PDT"]
[Termination "Alexei_Gubajdullin won by resignation"]

1. d4 d5 2. Nf3 e6 3. Bf4 c5 4. e3 Nc6 5. Nbd2 Nf6 6. c3 Nh5 7. Bg5 f6 8. Bh4 g6 9. Bd3 cxd4 10. cxd4 Bd6 11. Bg3 Nxg3 12. hxg3 O-O 13. e4 Bd7 14. a3 Rc8 15. Qb3 Na5 16. Qa2 dxe4 17. Nxe4 Be7 18. d5 exd5 19. Qxd5+ Kg7 20. Nd6 Bxd6 21. Rxh7+ Kxh7 22. Qh5+ 1-0

[Event "Early-Titled-Tuesday-Blitz-October-03-2023"]
[Site "Chess.com"]
[Date "2023.10.03"]
[Round "9"]
[White "ozates"]
[Black "chesskov1982"]
[Result "0-1"]
[WhiteElo "2622"]
[BlackElo "2819"]
[TimeControl "180+1"]
[EndTime "9:42:46 PDT"]
[Termination "chesskov1982 won by resignation"]

1. c4 c6 2. Nf3 d5 3. e3 Nf6 4.
Qc2 Nbd7 5. b3 e5 6. Bb2 Bd6 7. Nc3 O-O 8. Rg1 e4 9. Nd4 Bxh2 10. Rh1 Be5 11. Nce2 Re8 12. Nf5 Bxb2 13. Qxb2 Ne5 14.
Neg3 Bxf5 15. Nxf5 Qd7 16. Nd4 dxc4 17. bxc4 c5 18.
Nb3 Rad8 19. Nxc5 Qf5 20. Nxb7 Nfg4 21. O-O-O Nxf2 22. Nxd8 Nfd3+ 0-1

[Event "Early-Titled-Tuesday-Blitz-October-03-2023"]
[Site "Chess.com"]
[Date "2023.10.03"]
[Round "9"]
[White "GradualismUnleashed"]
[Black "Brave_spirit12"]
[Result "1-0"]
[WhiteElo "2636"]
[BlackElo "2739"]
[TimeControl "180+1"]
[EndTime "9:42:50 PDT"]
[Termination "GradualismUnleashed won by resignation"]

1. e4 e5 2. Nf3 Nc6 3. Bb5 a6 4. Ba4 Nf6 5. d4 b5 6. Bb3 exd4 7.
O-O Be7 8. e5 Ne4 9. Bd5 Nc5 10.
Nxd4 Bb7 11. Nf5 O-O 12. Nc3 Nxe5 13. Qd4 d6 14. Bxb7 Nxb7 15. f4 c5 16. Qd5 Nc4 17.
Qxb7 Bf6 18. Nd5 g6 19. Nfe7+ Bxe7 20. Qxe7 Kg7 21. b3 1-0

[Event "Early-Titled-Tuesday-Blitz-October-03-2023"]
[Site "Chess.com"]
[Date "2023.10.03"]
[Round "9"]
[White "familijatop71"]
[Black "Elbebiber"]
[Result "0-1"]
[WhiteElo "2185"]
[BlackElo "2144"]
[TimeControl "180+1"]
[EndTime "9:42:52 PDT"]
[Termination "Elbebiber won by resignation"]

1. e4 d5 2. exd5 Nf6 3. d4 Nxd5 4. Nf3 Bf5 5. c3 e6 6. Bd3 Bxd3 7. Qxd3 c6 8. O-O Be7 9. Re1 Nd7 10. Nbd2 N7f6 11.
Ne5 Nf4 12. Qe4 Nxe4 13. Nxe4 Ng6 14. Nf3 O-O 15. Be3 Qd5 16. Ng3 Rfd8 17. Rad1 Qxa2 18. Re2 Qc4 19. Red2 a5 20. Ne4 a4 21. Rd3 a3 22.
b4 a2 0-1

[Event "Early-Titled-Tuesday-Blitz-October-03-2023"]
[Site "Chess.com"]
[Date "2023.10.03"]
[Round "9"]
[White "Nekoo04"]
[Black "AjedrezenMadrid"]
[Result "0-1"]
[WhiteElo "2303"]
[BlackElo "2459"]
[TimeControl "180+1"]
[EndTime "9:42:57 PDT"]
[Termination "AjedrezenMadrid won by resignation"]

1. d4 Nf6 2. c4 b6 3. Nc3 Bb7 4. f3 d5 5. cxd5 Nxd5 6. e4 Nxc3 7. bxc3 e5 8. Bb5+ c6 9. Bc4 exd4 10.
cxd4 Bb4+ 11. Kf2 O-O 12. Ne2 c5 13. Be3 Nc6 14. dxc5 Qf6 15. cxb6 Ne5 16. Qb3 Ng4+ 17. Kg3 Bd6+ 18. Bf4 g5 19. Be5 Bxe5+ 0-1

[Event "Early-Titled-Tuesday-Blitz-October-03-2023"]
[Site "Chess.com"]
[Date "2023.10.03"]
[Round "9"]
[White "djano"]
[Black "OchsenfroschGambit"]
[Result "1-0"]
[WhiteElo "2675"]
[BlackElo "2489"]
[TimeControl "180+1"]
[EndTime "9:43:05 PDT"]
[Termination "djano won by resignation"]

1. e4 c5 2. Nc3 e6 3. f4 d5 4. Nf3 dxe4 5. Nxe4 Nc6 6. Bb5 Bd7 7. Qe2 Be7 8. b3 Nf6 9. Bb2 a6 10. Bxc6 Bxc6 11.
d3 O-O 12. O-O Ng4 13. h3 Nh6 14. Ne5 1-0

[Event "Early-Titled-Tuesday-Blitz-October-03-2023"]
[Site "Chess.com"]
[Date "2023.10.03"]
[Round "9"]
[White "Djager97"]
[Black "falzehope0"]
[Result "1-0"]
[WhiteElo "2569"]
[BlackElo "2359"]
[TimeControl "180+1"]
[EndTime "9:43:05 PDT"]
[Termination "Djager97 won by resignation"]

1. e4 d5 2. exd5 Nf6 3. d4 Qxd5 4. Nc3 Qa5 5. Nf3 Bg4 6. h3 Qh5 7. hxg4 Qxh1 8. Ne2 Ne4 9. Qd3 f5 10. gxf5 Nxf2 11.
Kxf2 Qh5 12. Nf4 Qf7 13. Ne6 Nc6 14. Nxc7+ Kd7 15. Nxa8 Kc8 16. d5 g6 17. dxc6 gxf5 18.
Qd7+ 1-0

[Event "Early-Titled-Tuesday-Blitz-October-03-2023"]
[Site "Chess.com"]
[Date "2023.10.03"]
[Round "9"]
[White "NelsonLinda"]
[Black "ActorXu"]
[Result "0-1"]
[WhiteElo "2594"]
[BlackElo "2727"]
[TimeControl "180+1"]
[EndTime "9:43:14 PDT"]
[Termination "ActorXu won by checkmate"]

1. b3 e5 2. Bb2 Nc6 3. e3 g6 4.
Nf3 Bg7 5. d4 e4 6. Nfd2 f5 7.
c4 Nf6 8. d5 Ne7 9. Be2 O-O 10.
O-O d6 11. b4 g5 12. Nb3 Ng6 13. N1d2 Qe7 14. Re1 f4 15. exf4 Nxf4 16. Bf1 Bf5 17. Nd4 Qd7 18. Nxf5 Qxf5 19. Rb1 Rae8 20. Nb3 Ng4 21. Nd4 Nh3+ 22. Kh1 Ngxf2# 0-1

[Event "Early-Titled-Tuesday-Blitz-October-03-2023"]
[Site "Chess.com"]
[Date "2023.10.03"]
[Round "9"]
[White "Krakozia"]
[Black "baki83"]
[Result "1-0"]
[WhiteElo "3019"]
[BlackElo "2830"]
[TimeControl "180+1"]
[EndTime "9:43:17 PDT"]
[Termination "Krakozia won by resignation"]

1. c4 e5 2. Nc3 Nc6 3. Nf3 g6 4. g3 Bg7 5. Bg2 Nf6 6. O-O O-O 7.
d3 d6 8. Rb1 a5 9. b3 h6 10. Bb2 Nd4 11. Nxd4 exd4 12. Nb5 c5 13.
Qd2 Re8 14. e3 dxe3 15. fxe3 a4 16. Qf2 Bf5 17. Bxf6 Bxf6 18. e4 axb3 19. Rxb3 Ra5 20. exf5 Rxb5 21. fxg6 Rxb3 22. gxf7+ 1-0

[Event "Early-Titled-Tuesday-Blitz-October-03-2023"]
[Site "Chess.com"]
[Date "2023.10.03"]
[Round "9"]
[White "Aradhya2000"]
[Black "VovenRogel"]
[Result "1-0"]
[WhiteElo "2720"]
[BlackElo "2857"]
[TimeControl "180+1"]
[EndTime "9:43:20 PDT"]
[Termination "Aradhya2000 won by resignation"]

1. d4 Nf6 2. Nf3 d5 3. c4 e6 4. Nc3 c6 5. e3 Nbd7 6. Qc2 Bd6 7. Be2 O-O 8. O-O dxc4 9. Bxc4 b5 10. Be2 Bb7 11.
Rd1 Qe7 12. e4 e5 13. dxe5 Nxe5 14. Nd4 Neg4 15. Bxg4 Nxg4 16. h3 Bh2+ 17. Kh1 Rad8 18. hxg4 Rxd4 19. Kxh2 c5 20. Be3 Rxd1 21. Rxd1 Qh4+ 22.
Kg1 Qxg4 23. Bxc5 Rc8 24. b4 a6 25. f3 Qe6 26. Qb3 Qg6 27. Nd5 Bxd5 28. Qxd5 h5 29. Qf5 1-0

[Event "Early-Titled-Tuesday-Blitz-October-03-2023"]
[Site "Chess.com"]
[Date "2023.10.03"]
[Round "9"]
[White "stepanosinovsky"]
[Black "Darko-Dimitrijevic"]
[Result "1-0"]
[WhiteElo "2387"]
[BlackElo "2214"]
[TimeControl "180+1"]
[EndTime "9:43:21 PDT"]
[Termination "stepanosinovsky won by resignation"]

1. Nf3 c5 2. g3 g6 3. Bg2 Bg7 4. O-O Nc6 5. e4 b6 6. c3 Bb7 7. d4 d6 8. d5 Ne5 9. Nfd2 Nf6 10.
f4 Ned7 11. c4 O-O 12. Nc3 e5 13. f5 Re8 14. h4 h5 15. Bh3 a6 16. Nf3 b5 17.
Ng5 gxf5 18. Rxf5 bxc4 19. Qf3 Qe7 20. Bd2 Nf8 21. Rf1 Ng6 22. Rxf6 Bxf6 23. Qxf6 Qxf6 24. Rxf6 Rad8 25. Rxf7 Re7 26. Rf6 Nf8 27. Kg2 a5 28.
Nb5 1-0

[Event "Early-Titled-Tuesday-Blitz-October-03-2023"]
[Site "Chess.com"]
[Date "2023.10.03"]
[Round "9"]
[White "vladoboch"]
[Black "whiteglovethief"]
[Result "1-0"]
[WhiteElo "2424"]
[BlackElo "2513"]
[TimeControl "180+1"]
[EndTime "9:43:28 PDT"]
[Termination "vladoboch won by resignation"]

1. e4 e6 2. d4 d5 3. e5 c5 4.
c3 Nc6 5. Nf3 Bd7 6. Bd3 Qb6 7.
O-O cxd4 8. a3 Nge7 9. Re1 Ng6 10. h4 dxc3 11. Nxc3 h5 12. Nxd5 exd5 13. e6 O-O-O 14.
exd7+ Kb8 15. Be3 Qc7 16. Bxg6 fxg6 17. Qxd5 Qxd7 18. Qxd7 Rxd7 19. Bf4+ Bd6 20. Rad1 Kc7 21. Rxd6 Rxd6 22. Re6 Rd8 23. Rxg6 Ne7 24. Rxg7 Kd7 25. Bxd6 Kxd6 26. Rg5 Rh8 27. Nd4 Nd5 28. g3 a6 29. Kg2 Kc5 30. Ne6+ Kc4 31. Ng7 Nf6 32. Rf5 Rh6 33. Rf3 Ne4 34. b3+ Kd4 35. Nf5+ 1-0

[Event "Early-Titled-Tuesday-Blitz-October-03-2023"]
[Site "Chess.com"]
[Date "2023.10.03"]
[Round "9"]
[White "DenLaz"]
[Black "temus_galaktionov"]
[Result "1-0"]
[WhiteElo "3067"]
[BlackElo "2879"]
[TimeControl "180+1"]
[EndTime "9:43:31 PDT"]
[Termination "DenLaz won by resignation"]

1. d4 c6 2. c4 g6 3. Nc3 Bg7 4.
Nf3 d6 5. e4 Nd7 6. g3 e5 7. Bg2 Ngf6 8. O-O O-O 9. h3 a5 10.
Be3 exd4 11. Nxd4 Nc5 12. Qc2 a4 13. Rad1 Qa5 14. Bf4 Rd8 15. Nf3 Bf8 16. Bd2 Qa6 17. Bg5 Bg7 18. b3 axb3 19. axb3 Qb6 20. Rb1 h6 21.
Be3 Qb4 22. Bd2 Qb6 23. b4 Na6 24. Be3 Qc7 25. Qd2 Be6 26. Bxh6 Bxh6 27. Qxh6 Bxc4 28.
Rfd1 Qe7 29. Rd4 Be6 30. e5 Nh5 31. Ng5 dxe5 32. Qh7+ 1-0